3AA
DURHAM RAPIERS @ ASHEVILLE HIGHLANDERS
07/18/2034
 
TOP OF THE 1ST
Durham Rapiers batting - Pitching for Asheville Highlanders : RHP Manuel Medranda
Pitching: RHP Manuel Medranda
Batting: RHB Lu-fang Koo 0-0: Ball
1-0: Foul Ball, location: 2F
1-1: Called Strike
1-2: Foul Ball, location: 2F
1-2: Ball
2-2: Ball
3-2: Foul Ball, location: 2F
3-2: Foul Ball, location: 2F
3-2: Ground out 5-3 (Groundball, 5L)
Batting: RHB Huai-yi Yang 0-0: Foul Ball, location: 2F
0-1: Foul Ball, location: 2F
0-2: Strikes out looking
Batting: RHB Juan Guzmán 0-0: Ball
1-0: Ball
2-0: Foul Ball, location: 2F
2-1: Called Strike
2-2: Ball
3-2: Strikes out looking
Top of the 1st over - 0 runs, 0 hits, 0 errors, 0 left on base; Durham 0 - Asheville 0
BOTTOM OF THE 1ST
Asheville Highlanders batting - Pitching for Durham Rapiers : RHP Kelsey MacGillivary
Pitching: RHP Kelsey MacGillivary
Batting: RHB Werner Bowman 0-0: Ball
1-0: Foul Ball, location: 2F
1-1: Ball
2-1: Ground out 2-3 (Groundball, 2L)
Batting: RHB Yoshihiro Iwasaki 0-0: Swinging Strike
0-1: Ball
1-1: SOLO HOME RUN (Flyball, 7LD), Distance : 358 ft
Batting: LHB DeMarvion Overshown 0-0: Foul Ball, location: 2F
0-1: Ball
1-1: Ball
2-1: Swinging Strike
2-2: Foul Ball, location: 2F
2-2: Ball
3-2: Base on Balls
Batting: LHB Johnny Carter 0-0: Ball
1-0: Grounds into double play, 4-6-3 (Groundball, 4)
Bottom of the 1st over - 1 run, 1 hit, 0 errors, 0 left on base; Durham 0 - Asheville 1
TOP OF THE 2ND
Durham Rapiers batting - Pitching for Asheville Highlanders : RHP Manuel Medranda
Batting: RHB Mason Congdon 0-0: Ball
1-0: Ball
2-0: Called Strike
2-1: Foul Ball, location: 2F
2-2: Ground out 6-3 (Groundball, 56)
Batting: LHB Dante Aristizabal 0-0: Ball
1-0: Ball
2-0: Called Strike
2-1: Foul Ball, location: 2F
2-2: Ball
3-2: Base on Balls
Batting: RHB Scotty Glenn 0-0: Fielders Choice at 2nd, 5-4 (Groundball, 56)
Batting: RHB Tso-i Wang 0-0: Ball
Scotty Glenn steals 2nd base
1-0: Ball
2-0: Fly out, F7 (Flyball, 7S)
Top of the 2nd over - 0 runs, 0 hits, 0 errors, 1 left on base; Durham 0 - Asheville 1
BOTTOM OF THE 2ND
Asheville Highlanders batting - Pitching for Durham Rapiers : RHP Kelsey MacGillivary
Batting: RHB Tae-gyoon Ch'oe 0-0: Foul Ball, location: 2F
0-1: Ball
1-1: Swinging Strike
1-2: Ball
2-2: Foul Ball, location: 2F
2-2: Ball
3-2: Foul Ball, location: 2F
3-2: SINGLE (Groundball, 56S) (infield hit)
Batting: RHB Arnie Taylor 0-0: Ball
1-0: Foul Ball, location: 2F
1-1: Foul Ball, location: 2F
1-2: Foul Ball, location: 2F
1-2: Ball
2-2: Foul Ball, location: 2F
2-2: Fielders Choice at 2nd, 4-6 (Groundball, 34)
Batting: SHB Jeff Lowe 0-0: Ball
1-0: Called Strike
1-1: Ball
Arnie Taylor is caught stealing 2nd base
2-1: Foul Ball, location: 2F
2-2: Strikes out swinging
Bottom of the 2nd over - 0 runs, 1 hit, 0 errors, 0 left on base; Durham 0 - Asheville 1
TOP OF THE 3RD
Durham Rapiers batting - Pitching for Asheville Highlanders : RHP Manuel Medranda
Batting: SHB Rafael González 0-0: Ball
1-0: Called Strike
1-1: Ball
2-1: Foul Ball, location: 2F
2-2: Foul Ball, location: 2F
2-2: Foul Ball, location: 2F
2-2: SINGLE (Flyball, 78S)
Batting: RHB Harlan Thompson 0-0: Ball
1-0: Called Strike
1-1: Foul Ball, location: 2F
1-2: Ball
2-2: Foul Ball, location: 2F
2-2: Foul Ball, location: 2F
2-2: Strikes out looking
Batting: RHB Lu-fang Koo 0-0: Swinging Strike
0-1: Ball
1-1: Ball
2-1: Foul Ball, location: 2F
2-2: Foul Ball, location: 2F
2-2: Strikes out looking
Batting: RHB Huai-yi Yang 0-0: Ball
1-0: Called Strike
1-1: Ball
2-1: Ball
3-1: Swinging Strike
3-2: Strikes out looking
Top of the 3rd over - 0 runs, 1 hit, 0 errors, 1 left on base; Durham 0 - Asheville 1
BOTTOM OF THE 3RD
Asheville Highlanders batting - Pitching for Durham Rapiers : RHP Kelsey MacGillivary
Batting: RHB Jason Alston 0-0: Ball
1-0: Foul Ball, location: 2F
1-1: Ball
2-1: Ball
3-1: Called Strike
3-2: SINGLE (Line Drive, 56)
Batting: LHB Luis Serrano 0-0: Called Strike
0-1: Foul Ball, location: 2F
0-2: Strikes out swinging
Batting: RHB Werner Bowman 0-0: Called Strike
0-1: Ball
1-1: Ball
2-1: Ball
3-1: Called Strike
3-2: Foul Ball, location: 2F
3-2: Foul Ball, location: 2F
3-2: Base on Balls
Jason Alston to second
Batting: RHB Yoshihiro Iwasaki 0-0: Foul Ball, location: 2F
0-1: Foul Ball, location: 2F
0-2: Ball
1-2: Strikes out swinging
Batting: LHB DeMarvion Overshown 0-0: Ball
Wild Pitch!
Jason Alston to third
Werner Bowman to second
1-0: Ball
2-0: Ball
3-0: Base on Balls
Batting: LHB Johnny Carter 0-0: Ball
1-0: Ball
2-0: Ball
3-0: Called Strike
3-1: Foul Ball, location: 2F
3-2: Base on Balls
Jason Alston scores
Werner Bowman to third
DeMarvion Overshown to second
Batting: RHB Tae-gyoon Ch'oe 0-0: Called Strike
0-1: Swinging Strike
0-2: Ball
1-2: Ball
2-2: Ground out 4-3 (Groundball, 4)
Bottom of the 3rd over - 1 run, 1 hit, 0 errors, 3 left on base; Durham 0 - Asheville 2
TOP OF THE 4TH
Durham Rapiers batting - Pitching for Asheville Highlanders : RHP Manuel Medranda
Batting: RHB Juan Guzmán 0-0: Swinging Strike
0-1: SINGLE (Line Drive, 9S)
Batting: RHB Mason Congdon 0-0: Ball
1-0: Foul Ball, location: 2F
1-1: Ball
2-1: Ball
3-1: Base on Balls
Juan Guzmán to second
Batting: LHB Dante Aristizabal 0-0: Called Strike
0-1: Ball
1-1: Foul Ball, location: 2F
1-2: Strikes out swinging
Batting: RHB Scotty Glenn 0-0: Called Strike
0-1: Ball
1-1: Ball
2-1: Swinging Strike
2-2: Foul Ball, location: 2F
2-2: Strikes out swinging
Batting: RHB Tso-i Wang 0-0: Called Strike
0-1: Called Strike
0-2: Strikes out swinging
Top of the 4th over - 0 runs, 1 hit, 0 errors, 2 left on base; Durham 0 - Asheville 2
BOTTOM OF THE 4TH
Asheville Highlanders batting - Pitching for Durham Rapiers : RHP Kelsey MacGillivary
Batting: RHB Arnie Taylor 0-0: Called Strike
0-1: Ground out 4-3 (Groundball, 4)
Batting: SHB Jeff Lowe 0-0: Hit by Pitch
Pinch Runner at 1st Roberto Flores:
Batting: RHB Jason Alston 0-0: Ball
1-0: Swinging Strike
1-1: Foul Ball, location: 2F
1-2: Strikes out swinging
Batting: LHB Luis Serrano 0-0: Ball
Roberto Flores steals 2nd base
1-0: Ball
2-0: Called Strike
2-1: Ball
3-1: DOUBLE (Line Drive, 9LM)
Roberto Flores scores
Batting: RHB Werner Bowman 0-0: Ball
1-0: Called Strike
1-1: Foul Ball, location: 2F
1-2: Foul Ball, location: 2F
1-2: Fly out, F8 (Flyball, 8LM)
Bottom of the 4th over - 1 run, 1 hit, 0 errors, 1 left on base; Durham 0 - Asheville 3
TOP OF THE 5TH
Durham Rapiers batting - Pitching for Asheville Highlanders : RHP Manuel Medranda
Now at C: Roberto Flores
Batting: SHB Rafael González 0-0: Foul Ball, location: 2F
0-1: Swinging Strike
0-2: Strikes out looking
Batting: RHB Harlan Thompson 0-0: Swinging Strike
0-1: Ball
1-1: Ball
2-1: Bunt missed!
2-2: Strikes out swinging
Batting: RHB Lu-fang Koo 0-0: Foul Ball, location: 2F
0-1: Called Strike
0-2: Strikes out looking
Top of the 5th over - 0 runs, 0 hits, 0 errors, 0 left on base; Durham 0 - Asheville 3
BOTTOM OF THE 5TH
Asheville Highlanders batting - Pitching for Durham Rapiers : RHP Kelsey MacGillivary
Batting: RHB Yoshihiro Iwasaki 0-0: DOUBLE (Line Drive, 8LD)
Batting: LHB DeMarvion Overshown 0-0: Foul Ball, location: 2F
0-1: Foul Ball, location: 2F
0-2: Strikes out swinging
Batting: LHB Johnny Carter 0-0: Ball
1-0: Swinging Strike
1-1: Ball
2-1: Called Strike
2-2: Ball
3-2: Foul Ball, location: 2F
3-2: Base on Balls
Pitching: RHP Rusty Maxson
Batting: RHB Tae-gyoon Ch'oe 0-0: Ball
1-0: Fly out, F4 (Line Drive, 4M)
Batting: RHB Arnie Taylor 0-0: Ball
1-0: Foul Ball, location: 2F
1-1: Ball
2-1: Ball
3-1: Base on Balls
Yoshihiro Iwasaki to third
Johnny Carter to second
Batting: RHB Roberto Flores 0-0: Ball
1-0: Fly out, F7 (Flyball, 7)
Bottom of the 5th over - 0 runs, 1 hit, 0 errors, 3 left on base; Durham 0 - Asheville 3
TOP OF THE 6TH
Durham Rapiers batting - Pitching for Asheville Highlanders : RHP Manuel Medranda
Batting: RHB Huai-yi Yang 0-0: Ball
1-0: Ball
2-0: Called Strike
2-1: Called Strike
2-2: Ball
3-2: Fly out, F7 (Flyball, 7S)
Batting: RHB Juan Guzmán 0-0: Ball
1-0: Called Strike
1-1: Ball
2-1: Foul Ball, location: 2F
2-2: Foul Ball, location: 2F
2-2: Ground out 4-3 (Groundball, 4)
Pitching: RHP Mario Sánchez
Batting: RHB Mason Congdon 0-0: Ball
1-0: Foul Ball, location: 2F
1-1: Foul Ball, location: 2F
1-2: Ground out 4-3 (Groundball, 4)
Top of the 6th over - 0 runs, 0 hits, 0 errors, 0 left on base; Durham 0 - Asheville 3
BOTTOM OF THE 6TH
Asheville Highlanders batting - Pitching for Durham Rapiers : RHP Rusty Maxson
Batting: RHB Jason Alston 0-0: Called Strike
0-1: Swinging Strike
0-2: Ball
1-2: Ball
2-2: Foul Ball, location: 2F
2-2: Ball
3-2: Base on Balls
Batting: LHB Luis Serrano 0-0: Ball
1-0: Bunted foul
1-1: Ball
2-1: Bunted foul
2-2: Fly out, F9 (Flyball, 9D)
Batting: RHB Werner Bowman 0-0: Ball
1-0: Ball
2-0: Ball
3-0: Base on Balls
Jason Alston to second
Batting: RHB Yoshihiro Iwasaki 0-0: Foul Ball, location: 2F
0-1: Ball
Wild Pitch!
Jason Alston to third
Werner Bowman to second
1-1: Ground out 6-3 (Groundball, 6)
Batting: LHB DeMarvion Overshown 0-0: Ball
1-0: Called Strike
1-1: Foul Ball, location: 2F
1-2: Foul Ball, location: 2F
1-2: Foul Ball, location: 2F
1-2: Ball
2-2: Foul Ball, location: 2F
2-2: Foul Ball, location: 2F
2-2: Ball
3-2: Foul Ball, location: 2F
3-2: Ground out 5-3 (Groundball, 56)
Bottom of the 6th over - 0 runs, 0 hits, 0 errors, 2 left on base; Durham 0 - Asheville 3
TOP OF THE 7TH
Durham Rapiers batting - Pitching for Asheville Highlanders : RHP Mario Sánchez
Batting: LHB Dante Aristizabal 0-0: Called Strike
0-1: Ball
1-1: Fly out, F9 (Line Drive, 9D)
Batting: RHB Scotty Glenn 0-0: Ball
1-0: SINGLE (Groundball, 56D)
Batting: RHB Tso-i Wang 0-0: Ball
1-0: Grounds into double play, 6-4-3 (Groundball, 6)
Top of the 7th over - 0 runs, 1 hit, 0 errors, 0 left on base; Durham 0 - Asheville 3
BOTTOM OF THE 7TH
Asheville Highlanders batting - Pitching for Durham Rapiers : RHP Rusty Maxson
Batting: LHB Johnny Carter 0-0: Foul Ball, location: 2F
0-1: Ground out 4-3 (Groundball, 4)
Batting: RHB Tae-gyoon Ch'oe 0-0: Called Strike
0-1: Ball
1-1: Foul Ball, location: 2F
1-2: Strikes out swinging
Batting: RHB Arnie Taylor 0-0: Called Strike
0-1: Ball
1-1: Ball
2-1: Foul Ball, location: 2F
2-2: Fly out, F8 (Flyball, 78S)
Bottom of the 7th over - 0 runs, 0 hits, 0 errors, 0 left on base; Durham 0 - Asheville 3
TOP OF THE 8TH
Durham Rapiers batting - Pitching for Asheville Highlanders : RHP Mario Sánchez
Batting: SHB Rafael González 0-0: DOUBLE (Line Drive, 3D)
Batting: RHB Harlan Thompson 0-0: Called Strike
0-1: Ball
1-1: Ball
2-1: Ball
3-1: Base on Balls
Batting: RHB Lu-fang Koo 0-0: Ball
1-0: Ball
2-0: Ball
3-0: Called Strike
3-1: Base on Balls
Rafael González to third
Harlan Thompson to second
Pitching: RHP Paco Garza
Batting: RHB Huai-yi Yang 0-0: Ball
Wild Pitch!
Rafael González scores
Harlan Thompson to third
Lu-fang Koo to second
1-0: Foul Ball, location: 2F
1-1: SINGLE (Flyball, 89S)
Harlan Thompson scores
Lu-fang Koo to third
Runner from 3rd tries for Home, SAFE, no throw
Batting: RHB Juan Guzmán 0-0: Ball
1-0: Called Strike
1-1: Ball
2-1: Swinging Strike
2-2: Ball
3-2: Foul Ball, location: 2F
3-2: SINGLE (Line Drive, 7LS)
Huai-yi Yang to second
Batting: RHB Mason Congdon 0-0: Ball
1-0: Ball
2-0: Foul Ball, location: 2F
2-1: Foul Ball, location: 2F
2-2: Hit by Pitch
Huai-yi Yang to third
Juan Guzmán to second
Batting: LHB Dante Aristizabal 0-0: Ball
1-0: Ball
2-0: Ball
3-0: Called Strike
3-1: Base on Balls
Huai-yi Yang scores
Juan Guzmán to third
Mason Congdon to second
Batting: RHB Scotty Glenn 0-0: Foul Ball, location: 2F
0-1: Foul Ball, location: 2F
0-2: DOUBLE (Line Drive, 8LD)
Juan Guzmán scores
Mason Congdon scores
Dante Aristizabal to third
Runner from 3rd tries for Home, SAFE, no throw
Pitching: LHP Moses Keijzer
Batting: RHB Tso-i Wang 0-0: Foul Ball, location: 2F
0-1: Foul Ball, location: 2F
0-2: Foul Ball, location: 2F
0-2: Foul Ball, location: 2F
0-2: Strikes out swinging
Batting: SHB Rafael González 0-0: Foul Ball, location: 2F
0-1: Ball
1-1: Called Strike
1-2: Strikes out swinging
Batting: RHB Harlan Thompson 0-0: Ground out 4-3 (Groundball, 4)
Top of the 8th over - 7 runs, 4 hits, 0 errors, 1 left on base; Durham 7 - Asheville 3
BOTTOM OF THE 8TH
Asheville Highlanders batting - Pitching for Durham Rapiers : RHP Rusty Maxson
Batting: RHB Roberto Flores 0-0: Ball
1-0: Called Strike
1-1: Ball
2-1: Ball
3-1: Base on Balls
Batting: RHB Jason Alston 0-0: Ball
1-0: Foul Ball, location: 2F
1-1: Called Strike
1-2: Ball
2-2: Ball
3-2: Base on Balls
Roberto Flores to second
Pitching: RHP Arturo Durán
Batting: LHB Luis Serrano 0-0: Ball
1-0: Ball
2-0: Ball
3-0: Called Strike
3-1: Base on Balls
Roberto Flores to third
Jason Alston to second
Batting: RHB Werner Bowman 0-0: Ground out 5-3 (Groundball, 5S)
Roberto Flores scores
Jason Alston to third
Luis Serrano to second
Batting: RHB Yoshihiro Iwasaki 0-0: Ground out 3-1 (Groundball, 3S)
Batting: LHB DeMarvion Overshown 0-0: Called Strike
0-1: Ball
1-1: SINGLE (Flyball, 7S)
Jason Alston scores
Luis Serrano to third
Runner from 3rd tries for Home, throw and OUT!
Bottom of the 8th over - 2 runs, 1 hit, 0 errors, 1 left on base; Durham 7 - Asheville 5
TOP OF THE 9TH
Durham Rapiers batting - Pitching for Asheville Highlanders : LHP Moses Keijzer
Batting: RHB Lu-fang Koo 0-0: Ball
1-0: Ball
2-0: Called Strike
2-1: Ground out 5-3 (Groundball, 5)
Batting: RHB Huai-yi Yang 0-0: Ball
1-0: Ball
2-0: Called Strike
2-1: Ground out 5-3 (Groundball, 5S)
Batting: RHB Juan Guzmán 0-0: Called Strike
0-1: Ground out 1-3 (Groundball, 15)
Top of the 9th over - 0 runs, 0 hits, 0 errors, 0 left on base; Durham 7 - Asheville 5
BOTTOM OF THE 9TH
Asheville Highlanders batting - Pitching for Durham Rapiers : RHP Arturo Durán
Pitching: RHP Bob Kennedy
Batting: LHB Johnny Carter 0-0: Ball
1-0: Called Strike
1-1: Foul Ball, location: 2F
1-2: Strikes out swinging
Batting: RHB Tae-gyoon Ch'oe 0-0: Called Strike
0-1: Ball
1-1: Ball
2-1: Ball
3-1: SOLO HOME RUN (Flyball, 7LD), Distance : 373 ft
Batting: RHB Arnie Taylor 0-0: Called Strike
0-1: Called Strike
0-2: Ball
1-2: Strikes out swinging
Batting: RHB Roberto Flores 0-0: Ball
1-0: Called Strike
1-1: Ball
2-1: Ball
3-1: Called Strike
3-2: Base on Balls
Batting: RHB Jason Alston 0-0: Ball
1-0: Ball
2-0: Ball
3-0: Called Strike
3-1: Base on Balls
Roberto Flores to second
Batting: LHB Luis Serrano 0-0: Called Strike
0-1: Ball
1-1: SINGLE (Groundball, 4D)
Roberto Flores to third
Jason Alston to second
Runner from 3rd tries for Home, SAFE, throw made at trailing runner, OUT at third!
Bottom of the 9th over - 2 runs, 2 hits, 0 errors, 1 left on base; Durham 7 - Asheville 7
TOP OF THE 10TH
Durham Rapiers batting - Pitching for Asheville Highlanders : LHP Moses Keijzer
Pitching: RHP José Rosales
Batting: RHB Mason Congdon 0-0: Called Strike
0-1: Called Strike
0-2: Ball
1-2: Ball
2-2: SOLO HOME RUN (Line Drive, 7LD), Distance : 359 ft
Batting: LHB Dante Aristizabal 0-0: Ball
1-0: Ball
2-0: Ball
3-0: Called Strike
3-1: SINGLE (Groundball, 4D)
Batting: RHB Scotty Glenn 0-0: Grounds into double play, 5-4-3 (Groundball, 56)
Batting: RHB Tso-i Wang 0-0: Foul Ball, location: 2F
0-1: Swinging Strike
0-2: Strikes out swinging
Top of the 10th over - 1 run, 2 hits, 0 errors, 0 left on base; Durham 8 - Asheville 7
BOTTOM OF THE 10TH
Asheville Highlanders batting - Pitching for Durham Rapiers : RHP Bob Kennedy
Pitching: RHP António Fernández
Now at SS: Milos Jaksch
Now in RF: Yoshi Kouda
Batting: RHB Werner Bowman 0-0: Called Strike
0-1: Ball
1-1: Ball
2-1: Ball
3-1: Foul Ball, location: 2F
3-2: Base on Balls
Batting: RHB Yoshihiro Iwasaki 0-0: Called Strike
0-1: Ball
1-1: Foul Ball, location: 2F
1-2: Foul Ball, location: 2F
1-2: SINGLE (Line Drive, 89S)
Werner Bowman to second
Batting: LHB DeMarvion Overshown 0-0: Ball
1-0: SINGLE (Groundball, 34D)
Werner Bowman to third
Yoshihiro Iwasaki to second
Runner from 3rd tries for Home, SAFE, no throw
Batting: LHB Johnny Carter 0-0: Called Strike
0-1: SINGLE (Line Drive, 8RS)
Yoshihiro Iwasaki to third
DeMarvion Overshown to second
Runner from 3rd tries for Home, SAFE, no throw
Friday, March 29th, 2019 - OOTP Baseball 18.8 Build 76